 Dungeon Crawl Stone Soup version 0.30-b1-6-gad0e9d6a2d (webtiles) character file.

Game seed: 6402492314585117694

2 Mysteryquy the Shield-Bearer (level 1, -2/14 HPs)
             Began as a Gargoyle Fighter on May 5, 2023.
             Frozen to death by an endoplasm (3 damage)
             ... on level 1 of the Dungeon.
             The game lasted 00:00:08 (81 turns).

Mysteryquy the Shield-Bearer (Gargoyle Fighter)       Turns: 81, Time: 00:00:09

Health: -2/14      AC:  9    Str: 19    XL:     1   Next: 30%
Magic:  1/1        EV:  9    Int:  8    God:
Gold:   10         SH:  4    Dex:  9    Spells: 0/0 levels left

rFire   . . .        a - +0 flail
rCold   . . .        c - +0 buckler
rNeg    + . .        b - +0 scale mail
rPois   ∞            (no helmet)
rElec   +            (no cloak)
rCorr   .            (no gloves)
SInv    .            (no boots)
Will    .....        (no amulet) Stlth
                     (no ring)
HPRegen 0.22/turn    (no ring)
MPRegen 0.07/turn

%: no passive effects
@: no status effects
A: sickness immunity, AC +2, negative energy resistance 1, electricity
resistance, torment resistance 1, petrification resistance
a: no special abilities


You were on level 1 of the Dungeon.
You visited 1 branch of the dungeon, and saw 1 of its levels.

You collected 10 gold pieces.

Inventory:

Hand Weapons
 a - a +0 flail (weapon)
Armour
 b - a +0 scale mail (worn)
 c - a +0 buckler (worn)
Scrolls
 f - a scroll of identify {unknown}
Potions
 d - 2 potions of might
 e - a potion of invisibility {unknown}


   Skills:
 + Level 3.3 Fighting
 + Level 2.0 Maces & Flails
 + Level 3.3 Armour
 + Level 3.3 Shields


You couldn't memorise any spells.
You didn't know any spells.
Your spell library was empty.

Dungeon Overview and Level Annotations

Branches:
Dungeon (1/15)

Altars:


Innate Abilities, Weirdness & Mutations

You are immune to sickness and miasma.
Your stone body is resilient. (AC +2)
You are immune to poison.
You resist negative energy. (rN+)
You are resistant to electric shocks. (rElec)
You are resistant to unholy torment.
You are immune to petrification.


Message History

You block the endoplasm's attack.
You sock the endoplasm!
You kill the endoplasm!
A kobold comes into view. It is wielding a +0 club.
The kobold shouts!
You closely miss the hobgoblin.
The hobgoblin hits you but does no damage.
You hit the hobgoblin.
The hobgoblin is heavily wounded.
The hobgoblin barely misses you. The endoplasm barely misses you.
The hobgoblin hits you.
You completely miss the hobgoblin.
The hobgoblin is heavily wounded.
The hobgoblin hits you. The endoplasm freezes you.
You are frozen.
There are monsters nearby!
There are monsters nearby!
The endoplasm freezes you.
You are frozen.
* * * LOW HITPOINT WARNING * * *
The endoplasm attacks as you move away! The endoplasm barely misses you.
The hobgoblin attacks as you move away! The hobgoblin barely misses you.
The endoplasm attacks as you move away!
The endoplasm hits you but does no damage.
The hobgoblin barely misses you. The hobgoblin attacks as you move away!
The hobgoblin closely misses you. The endoplasm attacks as you move away!
The endoplasm hits you but does no damage.
You barely miss the endoplasm.
The endoplasm hits you but does no damage.
You hit the endoplasm but do no damage. The hobgoblin hits you.
* * * LOW HITPOINT WARNING * * *
The endoplasm freezes you.
You are frozen.
* * * LOW HITPOINT WARNING * * *
You hit the endoplasm but do no damage. The hobgoblin closely misses you.
The endoplasm freezes you.
You are frozen.
You die...

#.............#### ...
.#.............#.#. ##..
...#####........... ....#..#
##...........
##..#..###.............
#..........#...........
#..............♣♣♣..... #
#.............♣♣♣♣♣....
..####.#.##@..........P♣♣...
#.........#Jg..>..♣ P.P♣♣...
##.........K(...♣♣♣ .P......
#..............♣♣ ♣♣♣....
...............♣ ♣.....
..........##...♣ ♣♣.....
.......#####.†.♣♣ ♣♣......
....... #.....♣♣♣♣♣.......
....... #.................


You could see an endoplasm, a hobgoblin and a kobold.

Vanquished Creatures
  An endoplasm (D:1)
  A bat (D:1)
2 creatures vanquished.

Notes
Turn   | Place    | Note
-------+----------+-------------------------------------------
     0 | D:1      | Mysteryquy the Gargoyle Fighter began the quest for the
                  | Orb.
     0 | D:1      | Reached XP level 1. HP: 14/14 MP: 1/1
    81 | D:1      | Frozen to death by an endoplasm

Illustrated notes

Levels and vault maps discovered:
D:1:      lemuel_arrival_lava_pool, layout_rooms, serial_forest,
          infiniplex_forest_lined_2, infiniplex_forest_side_room,
          infiniplex_forest_straight_4, infiniplex_forest_lined_3,
          infiniplex_forest_clump_diagonal, infiniplex_forest_clump_double,
          infiniplex_forest_clump_long, infiniplex_forest_corner_1,
          infiniplex_forest_lined_room_3, minivault_19

Action                     || total
---------------------------++-------
  Melee: Flail             ||    10
 Armour: Scale mail        ||     5
  Dodge: Dodged            ||     8
  Block: Buckler           ||     1
